 Dungeon Crawl Stone Soup version 0.20.0-8-g6b59dc7 (webtiles) character file.

28 Lavandula the Chucker (level 3, 29/32 HPs)
             Began as a Deep Dwarf Hunter on June 1, 2017.
             Quit the game on level 2 of the Dungeon.
             The game lasted 00:03:21 (1589 turns).

Lavandula the Chucker (Deep Dwarf Hunter)           Turns: 1589, Time: 00:03:22

Health: 29/32      AC:  5    Str: 15    XL:     3   Next: 0%
Magic:  3/3        EV: 12    Int: 11    God:    Xom [..*...]
Gold:   121        SH:  0    Dex: 14    Spells: 2/2 levels left

rFire    . . .     SeeInvis .   a - +0 short sword
rCold    . . .     Gourm    .   (no shield)
rNeg     . . .     Faith    .   b - +0 leather armour
rPois    .         Spirit   .   p - +0 helmet
rElec    .         Reflect  .   (no cloak)
rCorr    .         Harm     .   g - +0 pair of gloves
MR       .....                  (no boots)
Stlth    ++........             (no amulet)
Regen    0.0/turn               (no ring)
MPRegen  0.1/turn               (no ring)

@: non-regenerating
A: damage resistance, heal wounds, sense surroundings 1, no regeneration
a: Heal Wounds, Renounce Religion


You were on level 2 of the Dungeon.
You worshipped Xom.
You were a toy of Xom.
You were very hungry.

You visited 1 branch of the dungeon, and saw 3 of its levels.

You collected 121 gold pieces.

Inventory:

Hand Weapons
 a - a +0 short sword (weapon)
Missiles
 c - 6 javelins
 d - 2 throwing nets
 o - 72 stones (quivered)
Armour
 b - a +0 leather armour (worn)
 g - a +0 pair of gloves (worn)
 p - a +0 helmet (worn)
Jewellery
 t - an uncursed amulet of regeneration {unknown}
Scrolls
 h - 3 scrolls of identify {unknown}
 l - 2 scrolls of enchant weapon {unknown}
 m - 2 scrolls of remove curse {unknown}
 n - a scroll of recharging {unknown}
 q - 4 scrolls of enchant armour {unknown}
 r - a scroll of random uselessness {unknown}
 s - 2 scrolls of teleportation {unknown}
 u - a scroll of amnesia {unknown}
Potions
 e - a potion of agility {unknown}
 i - 2 potions of mutation {unknown}
Comestibles
 f - a bread ration
 j - 5 fruits
 k - 3 royal jellies


   Skills:
 - Level 1.7 Fighting
 + Level 4.5 Throwing
 - Level 2.1 Dodging
 - Level 1.2 Stealth


You had 2 spell levels left.
You didn't know any spells.

Dungeon Overview and Level Annotations

Branches:
Dungeon (3/15)

Altars:
Xom
Yredelemnul

Annotations:
D:2 1 runed door


Innate Abilities, Weirdness & Mutations

You are resistant to damage.
You can heal yourself by infusing magical energy.
You passively map a small area around you.
You do not regenerate.


Message History

You open the door.
A frilled lizard comes into view.
There is an open door here.
A frilled lizard is nearby!
A frilled lizard is nearby!
The helpless frilled lizard fails to defend itself.
You hit the frilled lizard.
You kill the frilled lizard!
You have reached level 3!
Your experience leads to an increase in your attributes!
Increase (S)trength, (I)ntelligence, or (D)exterity?
You feel agile.
Found a faded altar of an unknown god.
You now have 121 gold pieces (gained 11).
You are feeling very hungry.
There is a faded altar of an unknown god here.
You cannot tell which god this altar belongs to.
Convert to them anyway?
Xom accepts your prayer! Xom welcomes you!
Are you sure you want to abandon this character and quit the game? (Confirm with "yes".)

#..#.....##......
,#....####......
,,, #.#...#
#......
*#####.###......
*,
####...#..#....#.
*,*
#.##.##........#.
,,
#.###.##..#....#.
###.##.#...#.....#
,
#@.....#.#.###....
*####..###..# ...#
* ,* *,####* #.#
##.# ,, ..#####.#
, .###..... , , *
, ......... *
,......... ,
.....##..
....,##)#


There were no monsters in sight!

Vanquished Creatures
  A worm (D:2)
  A dart slug (D:1)
  A ball python (D:3)
  A giant cockroach (D:1)
  4 goblins
  3 hobgoblins
  4 bats
  5 frilled lizards
  A kobold (D:1)
  5 rats
26 creatures vanquished.

Notes
Turn   | Place    | Note
-------+----------+-------------------------------------------
     0 | D:1      | Lavandula the Deep Dwarf Hunter began the quest for the Orb.
     0 | D:1      | Reached XP level 1. HP: 19/19 MP: 1/1
   284 | D:1      | Reached skill level 4 in Throwing
   284 | D:1      | Reached XP level 2. HP: 24/26 MP: 2/2
   942 | D:2      | You fall through a shaft!
   998 | D:2      | Noticed a human
   999 | D:2      | Found a runed door.
  1067 | D:2      | Found a basalt altar of Yredelemnul.
  1526 | D:2      | Reached XP level 3. HP: 29/32 MP: 3/3
  1540 | D:2      | Found a faded altar of an unknown god.
  1588 | D:2      | Became a worshipper of Xom of Bone-Dry Humour
  1589 | D:2      | Quit the game

Skill      XL: |  1 |
---------------+----+-----
Throwing       | 4 |  4.5
Fighting       | |  1.7
Dodging        | |  2.1
Stealth        | |  1.2

Action                   || total
-------------------------++-------
Melee: Short sword       ||    69
Throw: Javelin           ||     7
       Stone             ||    40
 Stab: Sleeping          ||     2
  Eat: Chunk             ||     1
Armor: Leather armour    ||    24
Dodge: Dodged            ||    51
